Map: Prion Terraces

Players

ILLBdA

  • Race: Protoss Protoss
  • League: Diamond

Bellaluna - Winner!

  • Race: Zerg Zerg
  • League: Diamond

VOD

Have the link to the VOD?

Description

Time

  • Played on: Jan. 3, 2016, 7:14 a.m.
  • Length: 10:40
Show
View Real Time Build Order
Export as new Build Order

ILLBdA Protoss 

Build Orders: Zealot Archon 

Get SALT Encoding   

  12  0:01  Probe (Chrono Boost)  
  13  0:11  Probe (Chrono Boost)  
  14  0:17  Pylon  
  14  0:22  Probe (Chrono Boost)  
  15  0:35  Probe (Chrono Boost)  
  16  0:42  Forge  
  16  0:46  Probe (Chrono Boost)  
  17  0:56  Probe (Chrono Boost)  
  18  1:07  Probe (Chrono Boost)  
  19  1:17  Probe (Chrono Boost)  
  20  1:26  Pylon  
  20  1:28  Probe (Chrono Boost), Gateway  
  20  1:30  Photon Cannon  
  20  1:31  Pylon  
  21  1:38  Probe (Chrono Boost)  
  22  1:45  Photon Cannon  
  22  1:49  Probe (Chrono Boost)  
  23  1:55  Assimilator  
  23  1:56  Assimilator  
  23  1:59  Probe (Chrono Boost)  
  23  2:00  Pylon  
  24  2:10  Probe (Chrono Boost)  
  24  2:15  Zealot (Chrono Boost)  
  27  2:21  Probe  
  27  2:22  Photon Cannon  
  28  2:32  Cybernetics Core  
  28  2:33  Probe  
  28  2:45  Probe, Zealot (Chrono Boost)  
  28  2:49  Pylon  
  31  3:08  Nexus  
  31  3:10  Zealot (Chrono Boost)  
  33  3:18  Pylon  
  33  3:22  Warp Gate  
  35  3:34  Sentry (Chrono Boost)  
  35  3:42  Gateway, Pylon  
  35  3:48  Mothership Core  
  37  3:54  Twilight Council  
  37  4:09  Probe  
  38  4:19  Probe  
  38  4:21  Probe  
  40  4:29  Probe  
  41  4:32  Dark Shrine  
  41  4:33  Probe  
  41  4:34  Adept (Chrono Boost)  
  44  4:39  Assimilator  
  44  4:40  Probe, Assimilator  
  44  4:45  Probe  
  46  4:50  Probe  
  47  4:59  Probe  
  52  5:01  Probe  
  53  5:07  Protoss Ground Weapons Level 1 (Chrono Boost)  
  53  5:12  Probe  
  53  5:13  Probe  
  54  5:18  Pylon  
  51  5:23  Blink (Chrono Boost)  
  51  5:24  Probe  
  51  5:28  Probe  
  53  5:32  Stalker x2  
  57  5:36  Probe  
  58  5:45  Gateway  
  58  5:46  Gateway  
  58  5:48  Gateway  
  58  5:56  Robotics Facility  
  58  5:59  Sentry x2  
  62  6:15  Nexus  
  62  6:17  Pylon x2  
  62  6:24  Probe  
  63  6:30  Stalker  
  65  6:40  Probe  
  65  6:44  Gateway, Protoss Ground Weapons Level 2  
  65  6:45  Gateway  
  66  6:49  Gateway, Observer (Chrono Boost)  
  66  6:53  Photon Cannon  
  67  6:54  Dark Templar  
  67  6:55  Dark Templar  
  67  6:58  Archon  
  71  7:08  Stalker x2  
  73  7:12  Probe  
  76  7:20  Stalker  
  78  7:29  Stalker x2  
  82  7:41  Probe  
  82  7:42  Dark Templar  
  79  7:47  Stalker x3  
  85  8:02  Warp Prism  
  85  8:05  Stalker x3  
  87  8:11  Probe x2  
  95  8:13  Probe, Assimilator  
  95  8:14  Assimilator  
  96  8:23  Probe x2  
  98  8:28  Stalker x2  
  98  8:29  Stalker  
  98  8:30  Probe  
  105  8:36  Stalker x2  
  109  8:45  Pylon  
  109  8:48  Pylon  
  109  9:07  Stalker x3  
  109  9:08  Stalker x3  
  101  9:19  Immortal  
  95  9:25  Stalker x2  
  103  9:45  Stalker x4  
  107  9:46  Stalker x2  
  107  9:51  Probe  
  114  9:56  Immortal  
  114  10:00  Robotics Bay  
  114  10:04  Probe x2  
  114  10:05  Stalker  
  122  10:12  Stalker  
  124  10:17  Pylon  
Show
View Real Time Build Order
Export as new Build Order

Bellaluna Zerg - Winner!

Build Orders: Pool First 

Get SALT Encoding   

  12  0:03  Drone  
  13  0:24  Spawning Pool  
  13  0:25  Drone  
  13  0:32  Drone  
  14  0:39  Drone, Extractor  
  15  0:44  Overlord  
  15  1:12  Zergling x6  
  18  1:24  Zergling x2  
  19  1:37  Overlord, Queen  
  21  1:45  Hatchery  
  21  1:46  Zergling x2  
  21  1:57  Drone  
  21  2:17  Drone x2  
  21  2:19  Queen  
  25  2:27  Hatchery  
  24  2:30  Drone  
  25  2:42  Drone  
  26  2:52  Drone  
  26  2:53  Drone x3  
  26  2:55  Extractor  
  28  3:13  Drone x3  
  31  3:21  Queen  
  31  3:22  Drone x2  
  35  3:29  Drone  
  35  3:30  Overlord  
  36  3:41  Queen  
  36  3:45  Drone  
  36  3:46  Drone x3  
  42  3:55  Overlord  
  42  3:58  Drone x3  
  45  4:06  Metabolic Boost  
  45  4:08  Drone x4  
  49  4:10  Drone  
  49  4:17  Drone x3  
  53  4:27  Overlord x3  
  53  4:39  Roach Warren  
  53  4:40  Drone  
  53  4:41  Drone x4  
  53  4:43  Spine Crawler  
  56  5:03  Drone  
  56  5:04  Drone x6  
  63  5:07  Spore Crawler  
  63  5:10  Spore Crawler  
  63  5:11  Spore Crawler  
  60  5:15  Drone  
  60  5:16  Drone x3  
  64  5:21  Overlord, Extractor  
  64  5:22  Overlord x5, Extractor  
  62  5:38  Lair  
  62  5:49  Evolution Chamber  
  61  5:50  Evolution Chamber  
  61  5:51  Roach x3  
  61  5:52  Roach x6  
  61  5:56  Extractor x2  
  76  5:58  Extractor  
  76  6:01  Hatchery  
  74  6:05  Zergling x10  
  74  6:06  Zergling x2  
  80  6:20  Zerg Missile Weapons Level 1  
  80  6:21  Zerg Ground Armor Level 1  
  80  6:42  Roach  
  80  6:43  Roach x9  
  100  6:54  Glial Reconstitution  
  100  6:55  Drone x4  
  104  7:01  Drone x2  
  104  7:06  Overlord x7  
  106  7:18  Ravager x4  
  106  7:19  Ravager  
  111  7:23  Hatchery  
  111  7:26  Roach  
  111  7:27  Roach x5  
  111  7:28  Zergling x2  
  108  7:45  Roach  
  108  7:46  Roach x6, Zergling x2  
  109  8:06  Roach x8  
  125  8:22  Roach  
  125  8:23  Roach x5  
  132  8:36  Drone x3  
  135  8:46  Zergling x6  
  135  8:47  Zergling x6  
  125  9:20  Zergling x2  
  125  9:21  Zergling x44  
  140  9:27  Queen  
  140  9:29  Drone x3  
  134  9:49  Ravager x7  
  134  9:51  Roach  
  134  9:52  Roach x8  
  159  10:01  Drone x3, Spore Crawler  
  159  10:02  Drone, Spine Crawler  
  161  10:17  Roach x4  
  161  10:18  Roach x3  
  175  10:22  Drone  
  175  10:23  Drone x2  
Tags
 
Composition
Zealot Archon
Matchup
PvZ
Opening
Pool First
Replay Pack
me
Add a new tag
Caveats
  • Supply blocks, unpowered buildings, or Contaminate may cause inaccurate times.
  • Supply counts are checked every 10 seconds.